 Dungeon Crawl Stone Soup version 0.29.1-15-g9cfb28693d (webtiles) character file.

Game seed: 4757872313121120125

83624 GeoRichter the Marksdemonspawn (level 15, -8/126 HPs)
             Began as a Demonspawn Brigand on Mar 1, 2023.
             Was an Initiate of Gozag.
             Mangled by an ettin
             ... wielding a +1 dire flail of holy wrath
              (42 damage)
             ... on level 14 of the Dungeon.
             The game lasted 00:44:48 (23983 turns).

GeoRichter the Marksdemonspawn (DsBr)              Turns: 23983, Time: 00:44:48

Health: -8/126     AC: 20    Str: 17    XL:     15   Next: 32%
Magic:  15/15      EV: 21    Int: 14    God:    Gozag
Gold:   3476       SH:  5    Dex: 20    Spells: 14/14 levels left

rFire   + . .      SeeInvis .   b - +12 shortbow of Geuc {vorpal, Fly Str+5}
rCold   . . .      Faith    .   (shield currently unavailable)
rNeg    . . .      Spirit   .   K - +4 ring mail of the Guilds {rElec rF+}
rPois   .          Reflect  +   I - +0 hat
rElec   +          Harm     .   S - +2 cloak {rCorr}
rCorr   +          Rampage  .   F - +2 pair of gloves
Will    ++...                   y - +0 pair of boots
Stlth   +++.......              x - amulet of reflection
HPRegen 0.31/turn               J - +4 ring of evasion
MPRegen 0.14/turn               D - ring of willpower

@: gold aura, flying, studying Evocations
A: antennae 2, thin metallic scales 2, ignite blood 2, demonic magic 3,
bedeviling
a: Renounce Religion, Potion Petition, Call Merchant, Bribe Branch


You were on level 14 of the Dungeon.
You worshipped Gozag.
Gozag was most pleased with you.
You visited 3 branches of the dungeon, and saw 20 of its levels.
You also visited: Ossuary and Gauntlet.

You collected 8073 gold pieces.
You spent 857 gold pieces at shops.
You paid 3740 gold pieces to Gozag.

Inventory:

Hand Weapons
 b - the +12 shortbow of Geuc (weapon) {vorpal, Fly Str+5}
   (You bought it in a shop on level 1 of the Dungeon)

   Any ammunition fired from it inflicts extra damage upon your enemies.
   Str:       It affects your strength (+5).
   Fly:       It grants you flight.
 e - the +10 great sword of Qazlal's Displeasure {drain, rN++ Str+6 SInv}
   (You found it on level 11 of the Dungeon)

   A truly terrible weapon, it drains the life of any living foe it strikes.
   Str:       It affects your strength (+6).
   rN:        It greatly protects you from negative energy.
   SInv:      It lets you see invisible.
 U - a +0 arbalest of flaming
   (You found it on level 9 of the Dungeon)
Armour
 y - a +0 pair of boots (worn)
   (You found it on level 4 of the Dungeon)
 F - a +2 pair of gloves (worn)
   (You found it in an ossuary)
 G - +0 steam dragon scales
   (You found it on level 7 of the Dungeon)
 I - a +0 hat (worn)
   (You found it on level 6 of the Dungeon)
 K - the +4 ring mail of the Guilds (worn) {rElec rF+}
   (You found it on level 7 of the Dungeon)

   rF:        It protects you from fire.
   rElec:     It insulates you from electricity.
 S - a +2 cloak of preservation (worn)
   (You found it in a Gauntlet)
Jewellery
 a - an amulet of regeneration
   (You bought it in a shop on level 10 of the Dungeon)
 m - a ring of resist corrosion
   (You found it in a Gauntlet)
 x - an amulet of reflection (around neck)
   (You found it on level 11 of the Dungeon)
 D - a ring of willpower (right hand)
   (You found it on level 6 of the Dungeon)
 J - a +4 ring of evasion (left hand)
   (You found it on level 6 of the Dungeon)
Wands
 n - a wand of digging (4)
   (You found it on level 2 of the Lair of Beasts)
 v - a wand of light (19)
   (You took it off Terence on level 2 of the Dungeon)
 z - a wand of polymorph (5)
   (You found it on level 11 of the Dungeon)
 A - a wand of flame (52)
   (You found it on level 3 of the Dungeon)
 M - a wand of iceblast (18)
   (You found it on level 7 of the Dungeon)
 N - a wand of mindburst (7)
   (You found it on level 12 of the Dungeon)
 O - a wand of charming (14)
   (You found it on level 7 of the Dungeon)
Scrolls
 f - 2 scrolls of amnesia
 g - a scroll of fog
 h - 13 scrolls of teleportation {@r4}
 i - a scroll of enchant weapon
 j - 3 scrolls of blinking
 q - 5 scrolls of vulnerability {!r}
 s - 5 scrolls of fear
 H - a scroll of immolation {!r}
 P - 2 scrolls of poison {!r}
 X - 4 scrolls of noise {!r}
 Y - 5 scrolls of enchant armour
Potions
 k - 4 potions of lignification {unknown}
 l - 8 potions of heal wounds {@q2}
 o - 3 potions of brilliance
 p - 5 potions of flight
 r - 5 potions of mutation {!q}
 t - 5 potions of attraction {!q}
 u - 13 potions of curing {@q1}
 w - 3 potions of cancellation
 B - a potion of resistance {unknown}
 C - a potion of berserk rage {unknown}
 E - 3 potions of haste {@q3}
 L - 3 potions of magic
 Q - 4 potions of ambrosia
 T - a potion of might {unknown}
Miscellaneous
 c - a phantom mirror
   (You found it on level 11 of the Dungeon)
 V - a box of beasts
   (You found it in a Gauntlet)


   Skills:
 * Level 14.2 Fighting
 - Level 3.3 Short Blades
 - Level 16.0 Ranged Weapons
 - Level 1.7 Throwing
 - Level 5.1 Armour
 + Level 10.6 Dodging
 + Level 8.0 Stealth
 + Level 9.2 Evocations


You had 14 spell levels left.
You didn't know any spells.
Your spell library contained the following spells:

 Spells                   Type           Power      Damage    Failure   Level
 Beastly Appendage        Tmut           0%         N/A       45%         1
 Sting                    Tmut/Pois      0%         1d3       45%         1
 Summon Small Mammal      Summ           0%         N/A       45%         1
 Poisonous Vapours        Pois/Air       0%         N/A       58%         2
 Static Discharge         Conj/Air       0%         3-3/arc   58%         2
 Call Canine Familiar     Summ           0%         N/A       83%         3
 Dazzling Flash           Conj/Hex       0%         N/A       83%         3
 Frozen Ramparts          Ice            0%         1d1       83%         3
 Spider Form              Tmut/Pois      0%         N/A       83%         3
 Summon Guardian Golem    Hex/Summ       0%         N/A       83%         3
 Ice Form                 Ice/Tmut       0%         N/A       99%         4
 Iskenderun's Mystic Bla  Conj/Tloc      0%         2d3       99%         4
 Leda's Liquefaction      Hex/Erth       0%         N/A       99%         4
 Olgreb's Toxic Radiance  Pois           0%         N/A       99%         4
 Summon Ice Beast         Ice/Summ       0%         N/A       99%         4
 Irradiate                Conj/Tmut      0%         3d11      100%        5
 Lightning Bolt           Conj/Air       0%         1d11      100%        5
 Summon Mana Viper        Hex/Summ       0%         N/A       100%        5
 Starburst                Conj/Fire      0%         6d3       100%        6
 Monstrous Menagerie      Summ           0%         N/A       100%        7
 Orb of Destruction       Conj           0%         9d5       100%        7
 Spellforged Servitor     Conj/Summ      0%         N/A       100%        7
 Lehudib's Crystal Spear  Conj/Erth      0%         10d2      100%        8
 Maxwell's Capacitive Co  Air            0%         ∞         100%        8


Dungeon Overview and Level Annotations

Branches:
Dungeon (14/15) Zot: 26648  Temple (0/1) D:7            Lair (4/5) D:10 Zot: 18863
 Shoals (0/4) Lair:3       Spider (0/4) Lair:2          Orc (2/2) D:11 Zot: 9952
    Elf (0/3) Orc:2       Ossuary (visited)         Gauntlet (visited)
  Slime: Lair:4-5    Vaults: D:13-14

Altars:
Cheibriados
Dithmenos
Gozag
Kikubaaqudgha
Okawaru
Ru
Trog
Vehumet
Wu Jian
Yredelemnul

Shops:
D:1 *   D:6 *   D:10 *   D:11 *=[=(   D:12 [   D:13 *:   Orc:1 *:[(
Orc:2 [*[:(

Annotations:
D:10 3 runed translucent doors, jaiteiro's ghost, journeyman MiHu
D:12 1 transporter, 3 runed translucent doors, exclusion: oklob sapling, Qasoal's ghost, journeyman TrFi
Lair:1 2 transporters, CrazyMind's ghost, journeyman GnFi
Lair:4 3 runed translucent doors, Gabide's ghost, journeyman HuMo; MrZuerg's ghost, journeyman HOMo


Innate Abilities, Weirdness & Mutations

You have a pair of antennae on your head.
You are mostly covered in thin metallic scales. (AC +3)
Your demonic aura often causes spilled blood to erupt in flames.
Spells you cast and wands you use may paralyse nearby enemies.
Your hexes are more powerful.


Message History

The centaur warrior is distracted by your dazzling golden aura.
You shoot an arrow. The centaur warrior shouts!
The arrow hits the centaur warrior!!
The centaur warrior is no longer distracted by gold.
The centaur warrior is engulfed in blazing flames.
The centaur warrior shoots an arrow.
The arrow hits you!
You shoot an arrow. The arrow hits the centaur warrior!
You kill the centaur warrior!
No target in view!
No target in view!
No target in view!
You now have 3476 gold pieces (gained 18).
You see here a +0 longbow.
You sense a monster nearby.
You shoot an arrow. The tengu warrior shouts!
The arrow hits the tengu warrior!
You hear an angry hiss.
You hear two shouts!
A basilisk comes into view.
You shoot an arrow. The arrow hits the tengu warrior!!
The tengu warrior is engulfed in blazing flames.
The tengu warrior barely misses you. x2; The tengu warrior misses you.
You shoot an arrow.
The arrow hits the tengu warrior but does no damage.
The tengu warrior is engulfed in blazing flames.
You kill the tengu warrior!
Your Stealth skill increases to level 8!
You shoot an arrow. The arrow barely misses the basilisk.
You shoot an arrow. The arrow hits the basilisk!
You shoot an arrow. The arrow hits the basilisk!
An ettin comes into view.
It is wielding a +1 dire flail of holy wrath and a +0 dire flail.
The basilisk is engulfed in blazing flames.
You shoot an arrow. The arrow hits the basilisk!
You kill the basilisk!
You shoot an arrow. The arrow hits the ettin!
You shoot an arrow. The arrow hits the ettin.
You shoot an arrow. The arrow hits the ettin!
The ettin is engulfed in blazing flames.
You shoot an arrow. The arrow barely misses the ettin.
The ettin hits you with a +1 dire flail of holy wrath!!
You convulse!!!
* * * LOW HITPOINT WARNING * * *
The ettin hits you but does no damage. The ettin attacks as you move away!
The ettin hits you with a +1 dire flail of holy wrath!!
* * * LOW HITPOINT WARNING * * *
You convulse!!!
You die...
Your body crumbles into a pile of gold.

#.# ####{
#.##########
{ #
#..........#
{ c
#........###
.#
#..####### .
#..# # #..#
#..# #☼@#
#C☼# #.$...#
#.°..##
#.$### #...
#..° #..# $
#..#


You could see an ettin.

Vanquished Creatures
  2 orc warlords
  2 dire elephants (Lair:4)
  A minotaur (Gauntlet)
  Snorg (Orc:1)
  Josephine (Orc:1)
  Fannar (Lair:3)
  5 boulder beetles
  5 hydras
  A catoblepas (Lair:2)
  5 centaur warriors
  A death knight (D:14)
  5 two-headed ogres
  A tengu warrior (D:14)
  The ghost of ripuliukko the Thaumaturge, a journeyman GrEE of Vehumet (D:11)
  10 death yaks
  Nergalle (Orc:1)
  Urug (D:13)
  5 orc high priests
  Sonja (D:11)
  Amaemon (Lair:2)
  4 sixfirhies (Gauntlet)
  A bog body (Lair:1)
  7 orc knights
  2 oklob plants (Lair:1)
  An ugly thing (D:13)
  5 orc sorcerers
  A manticore (Lair:4)
  A merfolk siren (Lair:3)
  7 cyclopes
  5 black mambas
  2 gargoyles
  An orange demon (Lair:2)
  4 cane toads
  An ice statue (Lair:1)
  3 torpor snails
  2 rime drakes (Lair:1)
  A rime drake (shapeshifter) (D:13)
  A kobold demonologist (D:9)
  An unseen horror (D:12)
  2 hellwings (Gauntlet)
  A freezing wraith (D:9)
  5 komodo dragons
  A tengu conjurer (D:9)
  2 meliai
  5 trolls
  A troll (shapeshifter) (D:9)
  3 polar bears
  A merfolk (Lair:3)
  A meliai zombie (D:10)
  4 hornets
  13 blink frogs
  9 wraiths
  3 wyverns
  35 yaks
  5 basilisks
  8 vampire mosquitoes (D:12)
  5 steam dragons
  A warg (Orc:2)
  The ghost of Heoruswealwe the Conjurer, an amateur DECj of Ashenzari (D:3)
  3 acid dragons
  16 water moccasins
  A floating eye (Lair:1)
  3 black bears
  42 orc warriors
  2 sky beasts (D:6)
  2 ice beasts
  7 ogres
  12 centaurs
  9 wolves
  5 kobold brigands
  6 gnoll sergeants
  22 bullfrogs
  A two-headed ogre simulacrum (Lair:1)
  3 scorpions
  A water moccasin zombie (Ossuary)
  17 wights
  15 killer bees
  An elephant simulacrum (Lair:1)
  8 howler monkeys
  2 bullfrog zombies (Ossuary)
  5 centaur zombies
  A quasit (D:8)
  10 hounds
  A jelly (D:5)
  32 orc priests
  4 gnoll boudas
  Terence (D:2)
  4 iguanas
  33 orc wizards
  A polar bear simulacrum (Lair:1)
  2 scorpion zombies (Ossuary)
  A hell rat (Lair:4)
  A troll simulacrum (Lair:1)
  A wolf simulacrum (Lair:1)
  36 gnolls
  12 adders
  A naga simulacrum (Lair:1)
  5 shadow imps
  5 white imps
  2 ufetubi
  2 adder zombies (Ossuary)
  A dart slug (D:4)
  105 orcs
  10 ball pythons
  9 endoplasms
  3 giant cockroaches
  4 gnoll zombies (Ossuary)
  8 goblins
  3 hobgoblins
  8 jackals
  A quokka (D:4)
  5 bats
  3 frilled lizards
  4 goblin zombies
  5 hobgoblin zombies (Ossuary)
  17 kobolds
  2 orc zombies (Ossuary)
  4 rats
  A rat zombie (D:6)
738 creatures vanquished.

Vanquished Creatures (collateral kills)
  A dire elephant (Lair:4)
  2 orc warriors (Orc:1)
3 creatures vanquished.

Vanquished Creatures (others)
  A gnoll sergeant (D:7)
  An orc priest (Orc:1)
  3 demonic plants (D:8)
  8 fungi
  30 plants
43 creatures vanquished.

Grand Total: 784 creatures vanquished

Notes
Turn   | Place    | Note
-------+----------+-------------------------------------------
     0 | D:1      | GeoRichter the Demonspawn Brigand began the quest for the
                  | Orb.
     0 | D:1      | Reached XP level 1. HP: 16/16 MP: 1/1
   231 | D:1      | Gained mutation: You have a pair of small antennae on your
                  | head. [demonic ancestry]
   231 | D:1      | Reached XP level 2. HP: 16/22 MP: 2/2
   678 | D:1      | Found Locs's Assorted Antiques.
  1015 | D:2      | Gained mutation: Spells you cast may paralyse adjacent
                  | enemies. [demonic ancestry]
  1015 | D:2      | Reached XP level 3. HP: 9/27 MP: 3/3
  1613 | D:2      | Noticed Terence
  2282 | D:3      | Found a runed translucent gate.
  2283 | D:3      | Found a runed translucent gate.
  2283 | D:3      | Found a runed translucent gate.
  2285 | D:3      | Found an opulent altar of Gozag.
  3001 | D:3      | Reached XP level 4. HP: 24/33 MP: 4/4
  3230 | D:3      | Noticed Heoruswealwe's ghost (amateur DECj)
  3797 | D:1      | Bought a brightly glowing shortbow for 168 gold pieces
  3797 | D:1      | Identified the +12 shortbow of Geuc {vorpal, Fly Str+5}
                  | (You bought it in a shop on level 1 of the Dungeon)
  3856 | D:2      | Killed Terence
  3857 | D:2      | Reached skill level 1 in Ranged Weapons
  4172 | D:4      | Reached skill level 2 in Ranged Weapons
  4172 | D:4      | Gained mutation: You have a pair of antennae on your head.
                  | [demonic ancestry]
  4172 | D:4      | Reached XP level 5. HP: 38/38 MP: 5/5
  4355 | D:4      | You are sucked into a shaft and drop 1 floor!
  4355 | D:5      | Entered Level 5 of the Dungeon
  4406 | D:5      | Reached skill level 3 in Ranged Weapons
  4408 | D:5      | Reached XP level 6. HP: 44/44 MP: 6/6
  4414 | D:5      | Reached skill level 4 in Ranged Weapons
  4755 | D:5      | Identified the +0 robe of Usegen {rC+ Will+}
  4798 | D:5      | Reached skill level 5 in Ranged Weapons
  4950 | D:4      | Reached XP level 7. HP: 50/50 MP: 7/7
  5125 | D:4      | Reached skill level 6 in Ranged Weapons
  5265 | D:4      | Found a snail-covered altar of Cheibriados.
  5267 | D:4      | Found an iron altar of Okawaru.
  5268 | D:4      | Found an ornate altar of the Wu Jian Council.
  5963 | D:5      | Noticed a troll
  5969 | D:5      | Killed a troll
  5970 | D:5      | Reached skill level 7 in Ranged Weapons
  6257 | D:6      | Gained mutation: You are partially covered in thin metallic
                  | scales. (AC +2) [demonic ancestry]
  6257 | D:6      | Reached XP level 8. HP: 56/56 MP: 8/8
  6402 | D:6      | Found a sand-covered staircase.
  6423 | Ossuary  | Entered an ossuary
  6558 | Ossuary  | Reached skill level 8 in Ranged Weapons
  6643 | Ossuary  | Noticed a silent spectre
  6749 | D:6      | Reached skill level 1 in Dodging
  6946 | D:6      | Reached XP level 9. HP: 62/62 MP: 9/9
  7000 | D:6      | Reached skill level 9 in Ranged Weapons
  7033 | D:6      | Found Xoadwi's General Store.
  7036 | D:6      | Bought a potion of haste for 120 gold pieces
  7392 | D:7      | Identified the +4 ring mail of the Guilds {rElec rF+}
  7502 | D:7      | Reached skill level 1 in Armour
  7833 | D:7      | Found a staircase to the Ecumenical Temple.
  8040 | D:7      | Identified the +4 spear "Wiroluol" {spect, Will+ MP+9}
  8368 | D:7      | Reached skill level 10 in Ranged Weapons
  8554 | D:7      | Found a sacrificial altar of Ru.
  8862 | D:3      | Killed Heoruswealwe's ghost
  8893 | D:3      | Became a worshipper of Gozag Ym Sagoz the Greedy
  9047 | D:8      | Gained mutation: Spells you cast may paralyse nearby
                  | enemies. [demonic ancestry]
  9047 | D:8      | Reached XP level 10. HP: 73/73 MP: 10/10
  9068 | D:8      | Reached skill level 5 in Fighting
  9242 | D:8      | Found an ancient bone altar of Kikubaaqudgha.
 10014 | D:8      | Reached skill level 11 in Ranged Weapons
 10434 | D:9      | Reached skill level 5 in Armour
 11097 | D:9      | Gained mutation: Your demonic aura sometimes causes spilled
                  | blood to erupt in flames. [demonic ancestry]
 11097 | D:9      | Reached XP level 11. HP: 83/83 MP: 11/11
 11117 | D:9      | Reached skill level 12 in Ranged Weapons
 11164 | D:9      | Noticed a centaur warrior
 11164 | D:9      | Noticed a five-headed hydra
 11164 | D:9      | Noticed a centaur warrior
 11725 | D:10     | Entered Level 10 of the Dungeon
 11732 | D:10     | Found a shadowy altar of Dithmenos.
 11801 | D:10     | Found a staircase to the Lair.
 11962 | D:10     | Found a runed translucent gate.
 11962 | D:10     | Found a runed translucent gate.
 11962 | D:10     | Found a runed translucent gate.
 11962 | D:10     | Noticed jaiteiro's ghost (journeyman MiHu)
 11965 | D:10     | Found a basalt altar of Yredelemnul.
 12147 | D:10     | Noticed a two-headed ogre
 12154 | D:10     | Killed a two-headed ogre
 12310 | D:10     | Found Rumek's Retail Resort.
 12318 | D:10     | Bought an amulet of regeneration for 420 gold pieces
 12550 | D:11     | Noticed Sonja
 12561 | D:11     | Killed Sonja
 12583 | D:11     | Identified the +10 great sword of Qazlal's Displeasure
                  | {drain, rN++ Str+6 SInv}
 12596 | D:11     | Found Ozado's Changing Room.
 12656 | D:11     | Noticed a two-headed ogre
 12660 | D:11     | Killed a two-headed ogre
 12661 | D:11     | Reached skill level 13 in Ranged Weapons
 12661 | D:11     | Reached skill level 5 in Dodging
 12840 | D:11     | Found a staircase to the Orcish Mines.
 13016 | D:11     | Noticed a two-headed ogre
 13019 | D:11     | Killed a two-headed ogre
 13075 | D:11     | Found a large runed translucent door.
 13075 | D:11     | Found a large runed translucent door.
 13078 | D:11     | Noticed ripuliukko's ghost (journeyman GrEE)
 13355 | Lair:1   | Entered Level 1 of the Lair of Beasts
 13413 | Lair:1   | Noticed a seven-headed hydra
 13416 | Lair:1   | Gained mutation: Your hexes are more powerful. [demonic
                  | ancestry]
 13416 | Lair:1   | Reached XP level 12. HP: 94/94 MP: 12/12
 13417 | Lair:1   | Killed a seven-headed hydra
 13440 | Lair:1   | Paralysed by a floating eye for 3 turns
 13505 | Lair:1   | Noticed a death yak
 13514 | Lair:1   | Killed a death yak
 13518 | Lair:1   | Noticed a death yak
 13523 | Lair:1   | Killed a death yak
 13617 | Lair:1   | Noticed CrazyMind's ghost (journeyman GnFi)
 13624 | Lair:1   | Found a transporter.
 13648 | Lair:1   | Found a transporter.
 13649 | Lair:1   | Found a bloodstained altar of Trog.
 14024 | Lair:1   | Reached skill level 14 in Ranged Weapons
 14991 | Lair:2   | Noticed a death yak
 14993 | Lair:2   | Noticed a five-headed hydra
 14994 | Lair:2   | Noticed a death yak
 15005 | Lair:2   | Killed a five-headed hydra
 15018 | Lair:2   | Killed a death yak
 15019 | Lair:2   | Killed a death yak
 15271 | Lair:2   | Found a hole to the Spider Nest.
 15358 | Lair:2   | Noticed Amaemon
 15378 | Lair:2   | Killed Amaemon
 15532 | Lair:2   | Noticed a boulder beetle
 15549 | Lair:2   | Killed a boulder beetle
 15550 | Lair:2   | Reached skill level 10 in Fighting
 15695 | Lair:2   | Noticed a catoblepas
 15702 | Lair:2   | Killed a catoblepas
 15703 | Lair:2   | Gained mutation: You are mostly covered in thin metallic
                  | scales. (AC +3) [demonic ancestry]
 15703 | Lair:2   | Reached XP level 13. HP: 103/103 MP: 13/13
 16068 | Lair:3   | Reached skill level 15 in Ranged Weapons
 16170 | Lair:3   | Noticed Fannar
 16178 | Lair:3   | Killed Fannar
 16532 | Lair:3   | Found a staircase to the Shoals.
 17156 | Lair:4   | Found a gate leading to a gauntlet.
 17166 | Gauntlet | Entered a Gauntlet
 17166 | Gauntlet | Found a transporter.
 17166 | Gauntlet | Found a transporter.
 17166 | Gauntlet | Found a transporter.
 17167 | Gauntlet | Found a transporter.
 17171 | Gauntlet | Found a transporter.
 17180 | Gauntlet | Found a transporter.
 17184 | Gauntlet | Noticed a reaper
 17196 | Gauntlet | Found a transporter.
 17203 | Gauntlet | Found a transporter.
 17220 | Gauntlet | Found a transporter.
 17224 | Gauntlet | Found a large runed translucent door.
 17225 | Gauntlet | Found a large runed translucent door.
 17226 | Gauntlet | Found a large runed translucent door.
 17226 | Gauntlet | Found a large runed translucent door.
 17227 | Gauntlet | Found a runed translucent gate.
 17228 | Gauntlet | Found a transporter.
 17228 | Gauntlet | Found a runed translucent gate.
 17229 | Gauntlet | Found a runed translucent gate.
 17230 | Gauntlet | Found a large runed translucent door.
 17230 | Gauntlet | Found a large runed translucent door.
 17231 | Gauntlet | Found a large runed translucent door.
 17232 | Gauntlet | Found a large runed translucent door.
 17241 | Gauntlet | Found a large runed translucent door.
 17241 | Gauntlet | Found a large runed translucent door.
 17241 | Gauntlet | Found a runed translucent door.
 17241 | Gauntlet | Found a runed translucent door.
 17242 | Gauntlet | Found a large runed translucent door.
 17243 | Gauntlet | Found a large runed translucent door.
 17245 | Gauntlet | Found a transporter.
 17296 | Gauntlet | Found a transporter.
 17335 | Gauntlet | Found a large runed translucent door.
 17336 | Gauntlet | Found a large runed translucent door.
 17337 | Gauntlet | Found a large runed translucent door.
 17337 | Gauntlet | Found a large runed translucent door.
 17457 | Gauntlet | Reached skill level 16 in Ranged Weapons
 17542 | Gauntlet | Identified the +11 falchion of Hiut Fin {drain, Will-
                  | Str+7}
 17542 | Gauntlet | Noticed a minotaur
 17554 | Gauntlet | Killed a minotaur
 17921 | Lair:4   | Found a runed translucent gate.
 17924 | Lair:4   | Found a runed translucent gate.
 17974 | Lair:4   | Noticed a dire elephant
 17984 | Lair:4   | Noticed a dire elephant
 18014 | Lair:4   | Killed a dire elephant
 18015 | Lair:4   | Reached skill level 5 in Stealth
 18272 | Lair:4   | Killed a dire elephant
 18358 | Lair:4   | Gained mutation: Spells you cast and wands you use may
                  | paralyse nearby enemies. [demonic ancestry]
 18358 | Lair:4   | Reached XP level 14. HP: 113/113 MP: 14/14
 18441 | Lair:4   | Reached skill level 5 in Evocations
 18535 | Lair:4   | Found a runed translucent gate.
 18539 | Lair:4   | Noticed Gabide's ghost (journeyman HuMo)
 18539 | Lair:4   | Noticed MrZuerg's ghost (journeyman HOMo)
 19010 | Orc:1    | Entered Level 1 of the Orcish Mines
 19010 | Orc:1    | Noticed Josephine
 19010 | Orc:1    | Found Pigoupp's General Store.
 19095 | D:11     | Killed ripuliukko's ghost
 19168 | Orc:1    | Killed Josephine
 19309 | Orc:1    | Found Pirphuut's Book Shoppe.
 19330 | Orc:1    | Found Gohy's Weapon Boutique.
 19343 | Orc:1    | Noticed Nergalle
 19347 | Orc:1    | Killed Nergalle
 19393 | Orc:1    | Noticed an orc warlord
 19407 | Orc:1    | Killed an orc warlord
 19858 | Orc:1    | Noticed Snorg
 19862 | Orc:1    | Killed Snorg
 19875 | Orc:1    | Found Axzac's Antique Armour Boutique.
 20033 | Orc:2    | Entered Level 2 of the Orcish Mines
 20059 | Orc:2    | Identified a scroll of acquirement
 20059 | Orc:2    | Acquired a manual of Evocations
 20148 | Orc:2    | Found Tatovoga's Armour Shop.
 20247 | Orc:2    | Found a staircase to the Elven Halls.
 20347 | Orc:2    | Noticed an orc warlord
 20376 | Orc:2    | Killed an orc warlord
 20947 | Orc:2    | Reached skill level 10 in Dodging
 20966 | Orc:2    | Found Vuyrup's General Store.
 20970 | Orc:2    | Found Copegeah's Book Emporium.
 20995 | Orc:2    | Found Ithrymaun's Antique Armour Emporium.
 20995 | Orc:2    | Found Peudyin's Antique Weapon Shoppe.
 21009 | Orc:2    | Bought a scroll of fear for 52 gold pieces
 21009 | Orc:2    | Bought a scroll of blinking for 97 gold pieces
 21454 | D:12     | Found Wimuv's Antique Armour Boutique.
 21644 | D:12     | Found a radiant altar of Vehumet.
 21648 | D:12     | Found a transporter.
 21881 | D:12     | Noticed Qasoal's ghost (journeyman TrFi)
 21897 | D:12     | Found a runed translucent gate.
 21897 | D:12     | Found a runed translucent gate.
 21897 | D:12     | Found a runed translucent gate.
 22430 | D:12     | Got the Omnibus of Nature
 22620 | D:9      | Gained mutation: Your demonic aura often causes spilled
                  | blood to erupt in flames. [demonic ancestry]
 22620 | D:9      | Reached XP level 15. HP: 101/124 MP: 15/15
 22874 | D:9      | Identified the +6 mace "Hydraslayer" {freeze, Fragile Will+
                  | Dex+4 Stlth+}
 23094 | D:13     | Got Boumniel's Opusculum on Maledictive Striking
 23137 | D:13     | Found Weludd's Book Boutique.
 23349 | D:13     | Found the +4 Cigotuvi's embrace {rMiasma Drain rN+}
 23387 | D:13     | Found Zin's Purification Station.
 23455 | D:13     | Noticed Urug
 23463 | D:13     | Killed Urug
 23983 | D:14     | Mangled by an ettin

Illustrated notes

Levels and vault maps discovered:
D:1:      tarquinn_simple_flora_water_d, layout_rooms, serial_shops,
          nicolae_shop_advertising_works [nicolae_subvault_shop_adworks],
          serial_bayou_lake_a
D:2:      layout_loops_ring, uniq_terence
D:3:      layout_basic, ebering_ghost_gozag
D:4:      layout_basic, mainiacjoe_overflow_alcove_3, minmay_starry_boxes
D:5:      layout_layer_cave
D:6:      layout_basic, enter_ossuary_4, serial_shops,
          nicolae_shop_behind_doors, minmay_misc_feat_columns,
          minmay_diced_spiral
D:7:      layout_cave_pools, nicolae_ru_path_of_blood,
          minmay_temple_entry_statues_pillars, serial_gnoll_camp,
          gnoll_camp_mini_house, gnoll_camp_mini_loothouse,
          gnoll_camp_mini_house, gnoll_camp_medium_02, gnoll_camp_huts_basic,
          gnoll_camp_mini_hut
D:8:      layout_loops_ring, lemuel_doored_altar, serial_demonic,
          serial_demonic_d, serial_demonic_f, serial_demonic_b, serial_demonic_c
D:9:      minmay_the_grid_square_5x5_4x4
          [minmay_the_grid_square_5x5_three_small,
          minmay_the_grid_square_5x5_bridge,
          minmay_the_grid_square_5x5_misaligned, minmay_the_grid_square_5x5_v,
          minmay_the_grid_square_5x5_bracketed,
          minmay_the_grid_square_5x5_prize_monsterx,
          minmay_the_grid_square_5x5_prize_gold,
          minmay_the_grid_square_5x5_hollow_slash,
          minmay_the_grid_square_5x5_tri_point,
          minmay_the_grid_square_5x5_prize_rear_guard,
          minmay_the_grid_square_5x5_prize_open,
          minmay_the_grid_square_5x5_inner_v,
          minmay_the_grid_square_5x5_checkered,
          minmay_the_grid_square_5x5_corner,
          minmay_the_grid_square_5x5_two_walls_b,
          minmay_the_grid_square_5x5_shuriken], layout_loops_ring, st_stairs_2
D:10:     layout_irregular_city, nicolae_yredelemnul_ghost_church,
          nicolae_dithmenos_shadow_blocks, grunt_lair_entry_orc_guard_hut,
          nicolae_alphabet_shops
D:11:     layout_irregular_city, hiddenorc2_lemuel, ebering_ghost_disaster_area,
          nicolae_transmutations_shop, uniq_sonja
D:12:     gammafunk_sealed_library, layout_long_grid, serial_shops,
          nicolae_diamond_shop, maelrawn_ghost_gauntlet_escape, nicolae_wwwww,
          introduction_to_nature_2
D:13:     layout_roguey, serial_shops, shop, zin_purify, uniq_urug
D:14:     minmay_complete_graph, layout_long_grid
Lair:1:   dreamdust_isle_of_ice, layout_regular_city,
          gammafunk_ghost_wrathful_warriors, disabler_island, grunt_megastairs_5
Lair:2:   layout_regular_city, spider_nest_entry_web_field, grunt_megastairs_1,
          uniq_amaemon
Lair:3:   layout_small_grid, elwin_shoals_entry_rooms, minmay_shattered_shrine,
          uniq_fannar
Lair:4:   layout_cave_pods, gammafunk_ghost_cemetery, gauntlet_entry_generic,
          nicolae_lair_lakeside_cave
Orc:1:    orc_temple, layout_caves, serial_shops, shop, shop, shop,
          nicolae_shop_window_shopping, statue_in_the_mist_lemuel,
          uniq_josephine, uniq_snorg, uniq_nergalle
Orc:2:    st_orc_congregation, layout_diamond_mine, serial_shops,
          nicolae_shop_statue_plus, rock_pile

Skill      XL: |  1  2  3  4  5  6  7  8  9 10 11 12 13 14 15 |
---------------+----------------------------------------------+-----
Stealth        | 4 5 7 8 |  8.0
Short Blades   | 2 3 |  3.3
Ranged Weapons | 2 3 5 7 8 10 11 13 14 16 | 16.0
Evocations     | 2 4 8 9 |  9.2
Dodging        | 1 2 3 5 7 9 10 | 10.6
Fighting       | 4 6 8 10 11 13 14 | 14.2
Armour         | 3 5 |  5.1
Throwing       | |  1.7

Action                   |  1- 3 |  4- 6 |  7- 9 | 10-12 | 13-15 || total
-------------------------+-------+-------+-------+-------+-------++-------
Melee: Dagger            |   158 |    22 |       |       |       ||   180
 Fire: Shortbow          |       |    36 |   315 |   612 |  1074 ||  2037
Throw: Dart              |     4 |     5 |       |       |       ||     9
Invok: Call Merchant     |       |       |       |       |     4 ||     4
Evoke: Wand              |       |       |     1 |     3 |     3 ||     7
       Box of beasts     |       |       |       |       |     1 ||     1
       Phantom mirror    |       |       |       |       |     1 ||     1
  Use: Scroll            |     2 |       |    16 |     2 |    17 ||    37
       Potion            |       |       |       |     1 |     2 ||     3
 Stab: Sleeping          |     7 |     1 |       |       |       ||     8
Armor: Robe              |    39 |     9 |     6 |       |       ||    54
       Ring mail         |       |       |    13 |   116 |   115 ||   244
Dodge: Dodged            |    71 |    17 |    66 |   188 |   335 ||   677
Block: Other             |       |       |       |       |     4 ||     4
       Reflection        |       |       |       |       |     3 ||     3
